 Dungeon Crawl Stone Soup version 0.27-a0-46-g34d46f0a3f (webtiles) character file.

Game seed: 17194684513368504045

2 sahdkjhfkaj the Sneak (level 1, 0/14 HPs)
             Began as a Gargoyle Delver on Jan 6, 2021.
             Slain by an orc
             ... wielding a +0 dagger
              (1 damage)
             ... on level 5 of the Dungeon.
             The game lasted 00:00:45 (48 turns).

sahdkjhfkaj the Sneak (Gargoyle Delver)               Turns: 48, Time: 00:00:46

Health: 0/14       AC:  5    Str: 15    XL:     1   Next: 30%
Magic:  1/1        EV: 11    Int: 10    God:
Gold:   0          SH:  0    Dex: 11    Spells: 0/0 levels left

rFire    . . .     SeeInvis .   a - +0 spear
rCold    . . .     Faith    .   (no shield)
rNeg     + . .     Spirit   .   b - +0 leather armour
rPois    ∞         Reflect  .   (no helmet)
rElec    +         Harm     .   (no cloak)
rCorr    .         Rampage  .   (no gloves)
Will     .....                  (no boots)
Stlth    +++.......             (no amulet)
HPRegen  0.04/turn              (no ring)
MPRegen  0.07/turn              (no ring)

@: hasted, very quick
A: negative energy resistance 1, electricity resistance, unbreathing,
petrification resistance, miasma immunity, AC +2
a: no special abilities


You were on level 5 of the Dungeon.
You visited 1 branch of the dungeon, and saw 2 of its levels.

Inventory:

Hand Weapons
 a - a +0 spear (weapon)
Armour
 b - a +0 leather armour (worn)
Wands
 g - a wand of digging (3)
Scrolls
 c - a scroll of fog
 d - a scroll of magic mapping
 e - a scroll of fear


   Skills:
 - Level 3.2 Fighting
 - Level 2.0 Polearms
 + Level 1.5 Dodging
 - Level 5.4 Stealth


You couldn't memorise any spells.
You didn't know any spells.
Your spell library was empty.

Dungeon Overview and Level Annotations

Branches:
Dungeon (5/15)
 Temple: D:4-7

Altars:

Annotations:
D:4 Pikel


Innate Abilities, Weirdness & Mutations

You are resistant to torment.
Your stone body is resilient. (AC +2)
You are immune to poison.
You resist negative energy. (rN+)
You are resistant to electric shocks. (rElec)
You can survive without breathing.
You are immune to petrification.
You are immune to miasma.


Message History

The orc wizard hits you but does no damage.
The orc hits you but does no damage.
The orc wizard hits you with a +2 dagger of speed.
You closely miss the orc wizard.
The orc wizard is lightly wounded.
The orc wizard hits you but does no damage.
The orc hits you but does no damage. The orc wizard casts a spell at you.
The puff of flame misses you.
You hit the orc wizard but do no damage.
The orc wizard is lightly wounded.
The orc wizard hits you with a +2 dagger of speed.
The orc hits you but does no damage.
The orc wizard hits you with a +2 dagger of speed.
* * * LOW HITPOINT WARNING * * *
You feel yourself speed up. The orc barely misses you.
The orc wizard hits you but does no damage.
Okay, then.
The orc hits you with a +0 dagger.
You die...

# ### .. .... #.#
##.. ..###..#
###.#...#
....#..##.#
#........# #..#..#
#.@#.># .#
#oo#..####.##
#.#..#.........
##.#............
........>.##.#.#..
###......<...# #.
. ####.#.....#..
.. #.......#.# ..)
######.....#.#....


You could see an orc wizard (fast) and an orc.

Vanquished Creatures
  An orc (D:5)
1 creature vanquished.

Notes
Turn   | Place    | Note
-------+----------+-------------------------------------------
     0 | D:5      | sahdkjhfkaj the Gargoyle Delver began the quest for the
                  | Orb.
     0 | D:5      | Reached XP level 1. HP: 14/14 MP: 1/1
     6 | D:4      | Noticed Pikel
     6 | D:4      | Noticed a lemure
     6 | D:4      | Noticed a lemure
     6 | D:4      | Noticed a lemure
     6 | D:4      | Noticed a scorpion
     7 | D:4      | Noticed a lemure
    15 | D:5      | Noticed an orc wizard
    48 | D:5      | Slain by an orc

Illustrated notes

Levels and vault maps discovered:
D:4:      layout_basic, uniq_pikel, uniq_menkaure, uniq_robin, uniq_duvessa,
          uniq_blork_the_orc
D:5:      layout_loops_ring, kennysheep_little_box, minmay_misc_feat_cross,
          nemelex_lonely_heart_becter

Skill      XL: |  1 |
---------------+----+-----
Polearms       | 2 |  2.0
Fighting       | |  3.2
Dodging        | |  1.5
Stealth        | |  5.4

Action                   || total
-------------------------++-------
Melee: Spear             ||    17
  Use: Potion            ||     1
Armor: Leather armour    ||    12
Dodge: Dodged            ||    16

Table legend: (Time is in decaauts)
 A = Elapsed time spent in this place.
 B = Non-inter-level travel time spent in this place.
 C = Inter-level travel time spent in this place.
 D = Time resting spent in this place.
 E = Time spent auto-exploring this place.
 F = Levels seen in this place.
 G = Mean time per level.
                   A        B        C        D        E       F      G
               +--------+--------+--------+--------+--------+-----+--------+
         Total |     48 |     48 |      0 |      0 |      0 |   2 |   24.0 |
       Dungeon |     48 |     48 |      0 |      0 |      0 |   2 |   24.0 |
               +--------+--------+--------+--------+--------+-----+--------+

Top non-repeatable levels by time:
     D:5: 46 daAuts
     D:4: 1 daAuts
